%YAML 1.1
%TAG !u! tag:unity3d.com,2011:
--- !u!1 &1709546328974737874
GameObject:
  m_ObjectHideFlags: 0
  m_CorrespondingSourceObject: {fileID: 0}
  m_PrefabInstance: {fileID: 0}
  m_PrefabAsset: {fileID: 0}
  serializedVersion: 6
  m_Component:
  - component: {fileID: 1709546328974737878}
  - component: {fileID: 1709546328974737873}
  - component: {fileID: 1709546328974737872}
  m_Layer: 5
  m_Name: Menu
  m_TagString: Untagged
  m_Icon: {fileID: 0}
  m_NavMeshLayer: 0
  m_StaticEditorFlags: 0
  m_IsActive: 1
--- !u!224 &1709546328974737878
RectTransform:
  m_ObjectHideFlags: 0
  m_CorrespondingSourceObject: {fileID: 0}
  m_PrefabInstance: {fileID: 0}
  m_PrefabAsset: {fileID: 0}
  m_GameObject: {fileID: 1709546328974737874}
  m_LocalRotation: {x: 0, y: 0, z: 0, w: 1}
  m_LocalPosition: {x: 0, y: 0, z: 0}
  m_LocalScale: {x: 1, y: 1, z: 1}
  m_Children:
  - {fileID: 6958315082457936954}
  - {fileID: 3284520350520284415}
  m_Father: {fileID: 1709546330476274692}
  m_RootOrder: 0
  m_LocalEulerAnglesHint: {x: 0, y: 0, z: 0}
  m_AnchorMin: {x: 0, y: 0}
  m_AnchorMax: {x: 1, y: 1}
  m_AnchoredPosition: {x: 0, y: 0}
  m_SizeDelta: {x: 0, y: 0}
  m_Pivot: {x: 0.5, y: 0.5}
--- !u!222 &1709546328974737873
CanvasRenderer:
  m_ObjectHideFlags: 0
  m_CorrespondingSourceObject: {fileID: 0}
  m_PrefabInstance: {fileID: 0}
  m_PrefabAsset: {fileID: 0}
  m_GameObject: {fileID: 1709546328974737874}
  m_CullTransparentMesh: 0
--- !u!114 &1709546328974737872
MonoBehaviour:
  m_ObjectHideFlags: 0
  m_CorrespondingSourceObject: {fileID: 0}
  m_PrefabInstance: {fileID: 0}
  m_PrefabAsset: {fileID: 0}
  m_GameObject: {fileID: 1709546328974737874}
  m_Enabled: 0
  m_EditorHideFlags: 0
  m_Script: {fileID: 11500000, guid: fe87c0e1cc204ed48ad3b37840f39efc, type: 3}
  m_Name: 
  m_EditorClassIdentifier: 
  m_Material: {fileID: 0}
  m_Color: {r: 0, g: 0, b: 0, a: 1}
  m_RaycastTarget: 1
  m_Maskable: 1
  m_OnCullStateChanged:
    m_PersistentCalls:
      m_Calls: []
  m_Sprite: {fileID: 0}
  m_Type: 1
  m_PreserveAspect: 0
  m_FillCenter: 1
  m_FillMethod: 4
  m_FillAmount: 1
  m_FillClockwise: 1
  m_FillOrigin: 0
  m_UseSpriteMesh: 0
  m_PixelsPerUnitMultiplier: 1
--- !u!1 &1709546329935456869
GameObject:
  m_ObjectHideFlags: 0
  m_CorrespondingSourceObject: {fileID: 0}
  m_PrefabInstance: {fileID: 0}
  m_PrefabAsset: {fileID: 0}
  serializedVersion: 6
  m_Component:
  - component: {fileID: 1709546329935456874}
  - component: {fileID: 1709546329935456875}
  m_Layer: 5
  m_Name: Hud
  m_TagString: Untagged
  m_Icon: {fileID: 0}
  m_NavMeshLayer: 0
  m_StaticEditorFlags: 0
  m_IsActive: 0
--- !u!224 &1709546329935456874
RectTransform:
  m_ObjectHideFlags: 0
  m_CorrespondingSourceObject: {fileID: 0}
  m_PrefabInstance: {fileID: 0}
  m_PrefabAsset: {fileID: 0}
  m_GameObject: {fileID: 1709546329935456869}
  m_LocalRotation: {x: 0, y: 0, z: 0, w: 1}
  m_LocalPosition: {x: 0, y: 0, z: 0}
  m_LocalScale: {x: 1, y: 1, z: 1}
  m_Children:
  - {fileID: 9204915071403666163}
  - {fileID: 2635325041682053225}
  - {fileID: 7512310926701186387}
  m_Father: {fileID: 1709546330476274692}
  m_RootOrder: 1
  m_LocalEulerAnglesHint: {x: 0, y: 0, z: 0}
  m_AnchorMin: {x: 0, y: 0}
  m_AnchorMax: {x: 1, y: 1}
  m_AnchoredPosition: {x: 0, y: 0}
  m_SizeDelta: {x: 0, y: 0}
  m_Pivot: {x: 0.5, y: 0.5}
--- !u!222 &1709546329935456875
CanvasRenderer:
  m_ObjectHideFlags: 0
  m_CorrespondingSourceObject: {fileID: 0}
  m_PrefabInstance: {fileID: 0}
  m_PrefabAsset: {fileID: 0}
  m_GameObject: {fileID: 1709546329935456869}
  m_CullTransparentMesh: 0
--- !u!1 &1709546330476274691
GameObject:
  m_ObjectHideFlags: 0
  m_CorrespondingSourceObject: {fileID: 0}
  m_PrefabInstance: {fileID: 0}
  m_PrefabAsset: {fileID: 0}
  serializedVersion: 6
  m_Component:
  - component: {fileID: 1709546330476274692}
  - component: {fileID: 1709546330476274695}
  - component: {fileID: 1709546330476274694}
  - component: {fileID: 1709546330476274689}
  - component: {fileID: 1709546330476274688}
  m_Layer: 5
  m_Name: CanvasControllerSimple
  m_TagString: Untagged
  m_Icon: {fileID: 0}
  m_NavMeshLayer: 0
  m_StaticEditorFlags: 0
  m_IsActive: 1
--- !u!224 &1709546330476274692
RectTransform:
  m_ObjectHideFlags: 0
  m_CorrespondingSourceObject: {fileID: 0}
  m_PrefabInstance: {fileID: 0}
  m_PrefabAsset: {fileID: 0}
  m_GameObject: {fileID: 1709546330476274691}
  m_LocalRotation: {x: 0, y: 0, z: 0, w: 1}
  m_LocalPosition: {x: 0, y: 0, z: 0}
  m_LocalScale: {x: 0, y: 0, z: 0}
  m_Children:
  - {fileID: 1709546328974737878}
  - {fileID: 1709546329935456874}
  - {fileID: 3145124512459819669}
  - {fileID: 4166021416758539989}
  - {fileID: 2602308141167528324}
  m_Father: {fileID: 0}
  m_RootOrder: 0
  m_LocalEulerAnglesHint: {x: 0, y: 0, z: 0}
  m_AnchorMin: {x: 0, y: 0}
  m_AnchorMax: {x: 0, y: 0}
  m_AnchoredPosition: {x: 0, y: 0}
  m_SizeDelta: {x: 0, y: 0}
  m_Pivot: {x: 0, y: 0}
--- !u!114 &1709546330476274695
MonoBehaviour:
  m_ObjectHideFlags: 0
  m_CorrespondingSourceObject: {fileID: 0}
  m_PrefabInstance: {fileID: 0}
  m_PrefabAsset: {fileID: 0}
  m_GameObject: {fileID: 1709546330476274691}
  m_Enabled: 1
  m_EditorHideFlags: 0
  m_Script: {fileID: 11500000, guid: 4d0393b7312b340788fafda59ce7460b, type: 3}
  m_Name: 
  m_EditorClassIdentifier: 
  mp: {x: 0, y: 0, z: 0}
  menu: {fileID: 1709546328974737874}
  hud: {fileID: 1709546329935456869}
  gameOverComplete: {fileID: 6162091335514770389}
  gameOverUnCompleted: {fileID: 0}
  newBest: {fileID: 4166021416758539992}
  levelCompleted: {fileID: 7520379802855341699}
  pause: {fileID: 0}
  hudTime: {fileID: 0}
  hudKills: {fileID: 0}
  hudScore: {fileID: 7817130452398000336}
  hudBest: {fileID: 0}
  hudDiamond: {fileID: 0}
  hudCoin: {fileID: 2635325041682053223}
  hudLife: {fileID: 0}
  hudLevelBar: {fileID: 839607372178093659}
  hudLeaderBoard: {fileID: 0}
--- !u!223 &1709546330476274694
Canvas:
  m_ObjectHideFlags: 0
  m_CorrespondingSourceObject: {fileID: 0}
  m_PrefabInstance: {fileID: 0}
  m_PrefabAsset: {fileID: 0}
  m_GameObject: {fileID: 1709546330476274691}
  m_Enabled: 1
  serializedVersion: 3
  m_RenderMode: 0
  m_Camera: {fileID: 0}
  m_PlaneDistance: 100
  m_PixelPerfect: 0
  m_ReceivesEvents: 1
  m_OverrideSorting: 0
  m_OverridePixelPerfect: 0
  m_SortingBucketNormalizedSize: 0
  m_AdditionalShaderChannelsFlag: 0
  m_SortingLayerID: 0
  m_SortingOrder: 0
  m_TargetDisplay: 0
--- !u!114 &1709546330476274689
MonoBehaviour:
  m_ObjectHideFlags: 0
  m_CorrespondingSourceObject: {fileID: 0}
  m_PrefabInstance: {fileID: 0}
  m_PrefabAsset: {fileID: 0}
  m_GameObject: {fileID: 1709546330476274691}
  m_Enabled: 1
  m_EditorHideFlags: 0
  m_Script: {fileID: 11500000, guid: 0cd44c1031e13a943bb63640046fad76, type: 3}
  m_Name: 
  m_EditorClassIdentifier: 
  m_UiScaleMode: 1
  m_ReferencePixelsPerUnit: 100
  m_ScaleFactor: 1
  m_ReferenceResolution: {x: 1080, y: 1920}
  m_ScreenMatchMode: 0
  m_MatchWidthOrHeight: 1
  m_PhysicalUnit: 3
  m_FallbackScreenDPI: 96
  m_DefaultSpriteDPI: 96
  m_DynamicPixelsPerUnit: 1
--- !u!114 &1709546330476274688
MonoBehaviour:
  m_ObjectHideFlags: 0
  m_CorrespondingSourceObject: {fileID: 0}
  m_PrefabInstance: {fileID: 0}
  m_PrefabAsset: {fileID: 0}
  m_GameObject: {fileID: 1709546330476274691}
  m_Enabled: 1
  m_EditorHideFlags: 0
  m_Script: {fileID: 11500000, guid: dc42784cf147c0c48a680349fa168899, type: 3}
  m_Name: 
  m_EditorClassIdentifier: 
  m_IgnoreReversedGraphics: 1
  m_BlockingObjects: 0
  m_BlockingMask:
    serializedVersion: 2
    m_Bits: 4294967295
--- !u!1001 &726907949196519155
PrefabInstance:
  m_ObjectHideFlags: 0
  serializedVersion: 2
  m_Modification:
    m_TransformParent: {fileID: 1709546330476274692}
    m_Modifications:
    - target: {fileID: 670202947269705937, guid: 40fd0353227a7e4409009e408ae6c913,
        type: 3}
      propertyPath: m_Material
      value: 
      objectReference: {fileID: 0}
    - target: {fileID: 670202947927111139, guid: 40fd0353227a7e4409009e408ae6c913,
        type: 3}
      propertyPath: m_Material
      value: 
      objectReference: {fileID: 0}
    - target: {fileID: 3317815484604346228, guid: 40fd0353227a7e4409009e408ae6c913,
        type: 3}
      propertyPath: m_Name
      value: LevelCompleted
      objectReference: {fileID: 0}
    - target: {fileID: 3317815484604346228, guid: 40fd0353227a7e4409009e408ae6c913,
        type: 3}
      propertyPath: m_IsActive
      value: 0
      objectReference: {fileID: 0}
    - target: {fileID: 3317815484604346231, guid: 40fd0353227a7e4409009e408ae6c913,
        type: 3}
      propertyPath: m_LocalPosition.x
      value: 0
      objectReference: {fileID: 0}
    - target: {fileID: 3317815484604346231, guid: 40fd0353227a7e4409009e408ae6c913,
        type: 3}
      propertyPath: m_LocalPosition.y
      value: 0
      objectReference: {fileID: 0}
    - target: {fileID: 3317815484604346231, guid: 40fd0353227a7e4409009e408ae6c913,
        type: 3}
      propertyPath: m_LocalPosition.z
      value: 0
      objectReference: {fileID: 0}
    - target: {fileID: 3317815484604346231, guid: 40fd0353227a7e4409009e408ae6c913,
        type: 3}
      propertyPath: m_LocalRotation.x
      value: -0
      objectReference: {fileID: 0}
    - target: {fileID: 3317815484604346231, guid: 40fd0353227a7e4409009e408ae6c913,
        type: 3}
      propertyPath: m_LocalRotation.y
      value: -0
      objectReference: {fileID: 0}
    - target: {fileID: 3317815484604346231, guid: 40fd0353227a7e4409009e408ae6c913,
        type: 3}
      propertyPath: m_LocalRotation.z
      value: -0
      objectReference: {fileID: 0}
    - target: {fileID: 3317815484604346231, guid: 40fd0353227a7e4409009e408ae6c913,
        type: 3}
      propertyPath: m_LocalRotation.w
      value: 1
      objectReference: {fileID: 0}
    - target: {fileID: 3317815484604346231, guid: 40fd0353227a7e4409009e408ae6c913,
        type: 3}
      propertyPath: m_RootOrder
      value: 4
      objectReference: {fileID: 0}
    - target: {fileID: 3317815484604346231, guid: 40fd0353227a7e4409009e408ae6c913,
        type: 3}
      propertyPath: m_LocalEulerAnglesHint.x
      value: 0
      objectReference: {fileID: 0}
    - target: {fileID: 3317815484604346231, guid: 40fd0353227a7e4409009e408ae6c913,
        type: 3}
      propertyPath: m_LocalEulerAnglesHint.y
      value: 0
      objectReference: {fileID: 0}
    - target: {fileID: 3317815484604346231, guid: 40fd0353227a7e4409009e408ae6c913,
        type: 3}
      propertyPath: m_LocalEulerAnglesHint.z
      value: 0
      objectReference: {fileID: 0}
    - target: {fileID: 3317815484604346231, guid: 40fd0353227a7e4409009e408ae6c913,
        type: 3}
      propertyPath: m_AnchoredPosition.x
      value: 0
      objectReference: {fileID: 0}
    - target: {fileID: 3317815484604346231, guid: 40fd0353227a7e4409009e408ae6c913,
        type: 3}
      propertyPath: m_AnchoredPosition.y
      value: 0
      objectReference: {fileID: 0}
    - target: {fileID: 3317815484604346231, guid: 40fd0353227a7e4409009e408ae6c913,
        type: 3}
      propertyPath: m_SizeDelta.x
      value: 0
      objectReference: {fileID: 0}
    - target: {fileID: 3317815484604346231, guid: 40fd0353227a7e4409009e408ae6c913,
        type: 3}
      propertyPath: m_SizeDelta.y
      value: 0
      objectReference: {fileID: 0}
    - target: {fileID: 3317815484604346231, guid: 40fd0353227a7e4409009e408ae6c913,
        type: 3}
      propertyPath: m_AnchorMin.x
      value: 0
      objectReference: {fileID: 0}
    - target: {fileID: 3317815484604346231, guid: 40fd0353227a7e4409009e408ae6c913,
        type: 3}
      propertyPath: m_AnchorMin.y
      value: 0
      objectReference: {fileID: 0}
    - target: {fileID: 3317815484604346231, guid: 40fd0353227a7e4409009e408ae6c913,
        type: 3}
      propertyPath: m_AnchorMax.x
      value: 1
      objectReference: {fileID: 0}
    - target: {fileID: 3317815484604346231, guid: 40fd0353227a7e4409009e408ae6c913,
        type: 3}
      propertyPath: m_AnchorMax.y
      value: 1
      objectReference: {fileID: 0}
    - target: {fileID: 3317815484604346231, guid: 40fd0353227a7e4409009e408ae6c913,
        type: 3}
      propertyPath: m_Pivot.x
      value: 0.5
      objectReference: {fileID: 0}
    - target: {fileID: 3317815484604346231, guid: 40fd0353227a7e4409009e408ae6c913,
        type: 3}
      propertyPath: m_Pivot.y
      value: 0.5
      objectReference: {fileID: 0}
    m_RemovedComponents: []
  m_SourcePrefab: {fileID: 100100000, guid: 40fd0353227a7e4409009e408ae6c913, type: 3}
--- !u!224 &2602308141167528324 stripped
RectTransform:
  m_CorrespondingSourceObject: {fileID: 3317815484604346231, guid: 40fd0353227a7e4409009e408ae6c913,
    type: 3}
  m_PrefabInstance: {fileID: 726907949196519155}
  m_PrefabAsset: {fileID: 0}
--- !u!114 &7520379802855341699 stripped
MonoBehaviour:
  m_CorrespondingSourceObject: {fileID: 7082965377016322160, guid: 40fd0353227a7e4409009e408ae6c913,
    type: 3}
  m_PrefabInstance: {fileID: 726907949196519155}
  m_PrefabAsset: {fileID: 0}
  m_GameObject: {fileID: 0}
  m_Enabled: 1
  m_EditorHideFlags: 0
  m_Script: {fileID: 11500000, guid: d49819f9227ce3e4d8c9eeaa73c3c928, type: 3}
  m_Name: 
  m_EditorClassIdentifier: 
--- !u!1001 &4028446485091078324
PrefabInstance:
  m_ObjectHideFlags: 0
  serializedVersion: 2
  m_Modification:
    m_TransformParent: {fileID: 1709546328974737878}
    m_Modifications:
    - target: {fileID: 1905901595670594628, guid: 3165b55e028c04801b442420157366ab,
        type: 3}
      propertyPath: m_Name
      value: Tutorial
      objectReference: {fileID: 0}
    - target: {fileID: 1905901595670594635, guid: 3165b55e028c04801b442420157366ab,
        type: 3}
      propertyPath: m_LocalPosition.x
      value: 0
      objectReference: {fileID: 0}
    - target: {fileID: 1905901595670594635, guid: 3165b55e028c04801b442420157366ab,
        type: 3}
      propertyPath: m_LocalPosition.y
      value: 0
      objectReference: {fileID: 0}
    - target: {fileID: 1905901595670594635, guid: 3165b55e028c04801b442420157366ab,
        type: 3}
      propertyPath: m_LocalPosition.z
      value: 0
      objectReference: {fileID: 0}
    - target: {fileID: 1905901595670594635, guid: 3165b55e028c04801b442420157366ab,
        type: 3}
      propertyPath: m_LocalRotation.x
      value: -0
      objectReference: {fileID: 0}
    - target: {fileID: 1905901595670594635, guid: 3165b55e028c04801b442420157366ab,
        type: 3}
      propertyPath: m_LocalRotation.y
      value: -0
      objectReference: {fileID: 0}
    - target: {fileID: 1905901595670594635, guid: 3165b55e028c04801b442420157366ab,
        type: 3}
      propertyPath: m_LocalRotation.z
      value: -0
      objectReference: {fileID: 0}
    - target: {fileID: 1905901595670594635, guid: 3165b55e028c04801b442420157366ab,
        type: 3}
      propertyPath: m_LocalRotation.w
      value: 1
      objectReference: {fileID: 0}
    - target: {fileID: 1905901595670594635, guid: 3165b55e028c04801b442420157366ab,
        type: 3}
      propertyPath: m_RootOrder
      value: 1
      objectReference: {fileID: 0}
    - target: {fileID: 1905901595670594635, guid: 3165b55e028c04801b442420157366ab,
        type: 3}
      propertyPath: m_LocalEulerAnglesHint.x
      value: 0
      objectReference: {fileID: 0}
    - target: {fileID: 1905901595670594635, guid: 3165b55e028c04801b442420157366ab,
        type: 3}
      propertyPath: m_LocalEulerAnglesHint.y
      value: 0
      objectReference: {fileID: 0}
    - target: {fileID: 1905901595670594635, guid: 3165b55e028c04801b442420157366ab,
        type: 3}
      propertyPath: m_LocalEulerAnglesHint.z
      value: 0
      objectReference: {fileID: 0}
    - target: {fileID: 1905901595670594635, guid: 3165b55e028c04801b442420157366ab,
        type: 3}
      propertyPath: m_AnchoredPosition.x
      value: 0
      objectReference: {fileID: 0}
    - target: {fileID: 1905901595670594635, guid: 3165b55e028c04801b442420157366ab,
        type: 3}
      propertyPath: m_AnchoredPosition.y
      value: 0
      objectReference: {fileID: 0}
    - target: {fileID: 1905901595670594635, guid: 3165b55e028c04801b442420157366ab,
        type: 3}
      propertyPath: m_SizeDelta.x
      value: 0
      objectReference: {fileID: 0}
    - target: {fileID: 1905901595670594635, guid: 3165b55e028c04801b442420157366ab,
        type: 3}
      propertyPath: m_SizeDelta.y
      value: 0
      objectReference: {fileID: 0}
    - target: {fileID: 1905901595670594635, guid: 3165b55e028c04801b442420157366ab,
        type: 3}
      propertyPath: m_AnchorMin.x
      value: 0
      objectReference: {fileID: 0}
    - target: {fileID: 1905901595670594635, guid: 3165b55e028c04801b442420157366ab,
        type: 3}
      propertyPath: m_AnchorMin.y
      value: 0
      objectReference: {fileID: 0}
    - target: {fileID: 1905901595670594635, guid: 3165b55e028c04801b442420157366ab,
        type: 3}
      propertyPath: m_AnchorMax.x
      value: 1
      objectReference: {fileID: 0}
    - target: {fileID: 1905901595670594635, guid: 3165b55e028c04801b442420157366ab,
        type: 3}
      propertyPath: m_AnchorMax.y
      value: 1
      objectReference: {fileID: 0}
    - target: {fileID: 1905901595670594635, guid: 3165b55e028c04801b442420157366ab,
        type: 3}
      propertyPath: m_Pivot.x
      value: 0.5
      objectReference: {fileID: 0}
    - target: {fileID: 1905901595670594635, guid: 3165b55e028c04801b442420157366ab,
        type: 3}
      propertyPath: m_Pivot.y
      value: 0.5
      objectReference: {fileID: 0}
    - target: {fileID: 5293665087970993400, guid: 3165b55e028c04801b442420157366ab,
        type: 3}
      propertyPath: m_LocalScale.x
      value: 1
      objectReference: {fileID: 0}
    - target: {fileID: 5293665087970993400, guid: 3165b55e028c04801b442420157366ab,
        type: 3}
      propertyPath: m_LocalScale.y
      value: 1
      objectReference: {fileID: 0}
    - target: {fileID: 5293665087970993400, guid: 3165b55e028c04801b442420157366ab,
        type: 3}
      propertyPath: m_LocalScale.z
      value: 1
      objectReference: {fileID: 0}
    m_RemovedComponents: []
  m_SourcePrefab: {fileID: 100100000, guid: 3165b55e028c04801b442420157366ab, type: 3}
--- !u!224 &3284520350520284415 stripped
RectTransform:
  m_CorrespondingSourceObject: {fileID: 1905901595670594635, guid: 3165b55e028c04801b442420157366ab,
    type: 3}
  m_PrefabInstance: {fileID: 4028446485091078324}
  m_PrefabAsset: {fileID: 0}
--- !u!1001 &4907415394609459612
PrefabInstance:
  m_ObjectHideFlags: 0
  serializedVersion: 2
  m_Modification:
    m_TransformParent: {fileID: 1709546328974737878}
    m_Modifications:
    - target: {fileID: 2632990592549717401, guid: aeecf5e7ac41e9f49b7cc3667971e7b4,
        type: 3}
      propertyPath: m_Name
      value: Title
      objectReference: {fileID: 0}
    - target: {fileID: 2632990592549717414, guid: aeecf5e7ac41e9f49b7cc3667971e7b4,
        type: 3}
      propertyPath: m_LocalPosition.x
      value: 0
      objectReference: {fileID: 0}
    - target: {fileID: 2632990592549717414, guid: aeecf5e7ac41e9f49b7cc3667971e7b4,
        type: 3}
      propertyPath: m_LocalPosition.y
      value: 0
      objectReference: {fileID: 0}
    - target: {fileID: 2632990592549717414, guid: aeecf5e7ac41e9f49b7cc3667971e7b4,
        type: 3}
      propertyPath: m_LocalPosition.z
      value: 0
      objectReference: {fileID: 0}
    - target: {fileID: 2632990592549717414, guid: aeecf5e7ac41e9f49b7cc3667971e7b4,
        type: 3}
      propertyPath: m_LocalRotation.x
      value: 0
      objectReference: {fileID: 0}
    - target: {fileID: 2632990592549717414, guid: aeecf5e7ac41e9f49b7cc3667971e7b4,
        type: 3}
      propertyPath: m_LocalRotation.y
      value: 0
      objectReference: {fileID: 0}
    - target: {fileID: 2632990592549717414, guid: aeecf5e7ac41e9f49b7cc3667971e7b4,
        type: 3}
      propertyPath: m_LocalRotation.z
      value: 0
      objectReference: {fileID: 0}
    - target: {fileID: 2632990592549717414, guid: aeecf5e7ac41e9f49b7cc3667971e7b4,
        type: 3}
      propertyPath: m_LocalRotation.w
      value: 1
      objectReference: {fileID: 0}
    - target: {fileID: 2632990592549717414, guid: aeecf5e7ac41e9f49b7cc3667971e7b4,
        type: 3}
      propertyPath: m_RootOrder
      value: 0
      objectReference: {fileID: 0}
    - target: {fileID: 2632990592549717414, guid: aeecf5e7ac41e9f49b7cc3667971e7b4,
        type: 3}
      propertyPath: m_LocalEulerAnglesHint.x
      value: 0
      objectReference: {fileID: 0}
    - target: {fileID: 2632990592549717414, guid: aeecf5e7ac41e9f49b7cc3667971e7b4,
        type: 3}
      propertyPath: m_LocalEulerAnglesHint.y
      value: 0
      objectReference: {fileID: 0}
    - target: {fileID: 2632990592549717414, guid: aeecf5e7ac41e9f49b7cc3667971e7b4,
        type: 3}
      propertyPath: m_LocalEulerAnglesHint.z
      value: 0
      objectReference: {fileID: 0}
    - target: {fileID: 2632990592549717414, guid: aeecf5e7ac41e9f49b7cc3667971e7b4,
        type: 3}
      propertyPath: m_AnchoredPosition.x
      value: 0
      objectReference: {fileID: 0}
    - target: {fileID: 2632990592549717414, guid: aeecf5e7ac41e9f49b7cc3667971e7b4,
        type: 3}
      propertyPath: m_AnchoredPosition.y
      value: 600
      objectReference: {fileID: 0}
    - target: {fileID: 2632990592549717414, guid: aeecf5e7ac41e9f49b7cc3667971e7b4,
        type: 3}
      propertyPath: m_SizeDelta.x
      value: 1200
      objectReference: {fileID: 0}
    - target: {fileID: 2632990592549717414, guid: aeecf5e7ac41e9f49b7cc3667971e7b4,
        type: 3}
      propertyPath: m_SizeDelta.y
      value: 200
      objectReference: {fileID: 0}
    - target: {fileID: 2632990592549717414, guid: aeecf5e7ac41e9f49b7cc3667971e7b4,
        type: 3}
      propertyPath: m_AnchorMin.x
      value: 0.5
      objectReference: {fileID: 0}
    - target: {fileID: 2632990592549717414, guid: aeecf5e7ac41e9f49b7cc3667971e7b4,
        type: 3}
      propertyPath: m_AnchorMin.y
      value: 0.5
      objectReference: {fileID: 0}
    - target: {fileID: 2632990592549717414, guid: aeecf5e7ac41e9f49b7cc3667971e7b4,
        type: 3}
      propertyPath: m_AnchorMax.x
      value: 0.5
      objectReference: {fileID: 0}
    - target: {fileID: 2632990592549717414, guid: aeecf5e7ac41e9f49b7cc3667971e7b4,
        type: 3}
      propertyPath: m_AnchorMax.y
      value: 0.5
      objectReference: {fileID: 0}
    - target: {fileID: 2632990592549717414, guid: aeecf5e7ac41e9f49b7cc3667971e7b4,
        type: 3}
      propertyPath: m_Pivot.x
      value: 0.5
      objectReference: {fileID: 0}
    - target: {fileID: 2632990592549717414, guid: aeecf5e7ac41e9f49b7cc3667971e7b4,
        type: 3}
      propertyPath: m_Pivot.y
      value: 0.5
      objectReference: {fileID: 0}
    - target: {fileID: 2632990592549717415, guid: aeecf5e7ac41e9f49b7cc3667971e7b4,
        type: 3}
      propertyPath: m_Text
      value: GAME NAME
      objectReference: {fileID: 0}
    m_RemovedComponents: []
  m_SourcePrefab: {fileID: 100100000, guid: aeecf5e7ac41e9f49b7cc3667971e7b4, type: 3}
--- !u!224 &6958315082457936954 stripped
RectTransform:
  m_CorrespondingSourceObject: {fileID: 2632990592549717414, guid: aeecf5e7ac41e9f49b7cc3667971e7b4,
    type: 3}
  m_PrefabInstance: {fileID: 4907415394609459612}
  m_PrefabAsset: {fileID: 0}
--- !u!1001 &5246885149385150285
PrefabInstance:
  m_ObjectHideFlags: 0
  serializedVersion: 2
  m_Modification:
    m_TransformParent: {fileID: 1709546329935456874}
    m_Modifications:
    - target: {fileID: 2346860028059746846, guid: 952969a9e2eea1d4c9d0866e38735d0a,
        type: 3}
      propertyPath: m_LocalPosition.x
      value: 0
      objectReference: {fileID: 0}
    - target: {fileID: 2346860028059746846, guid: 952969a9e2eea1d4c9d0866e38735d0a,
        type: 3}
      propertyPath: m_LocalPosition.y
      value: 0
      objectReference: {fileID: 0}
    - target: {fileID: 2346860028059746846, guid: 952969a9e2eea1d4c9d0866e38735d0a,
        type: 3}
      propertyPath: m_LocalPosition.z
      value: 0
      objectReference: {fileID: 0}
    - target: {fileID: 2346860028059746846, guid: 952969a9e2eea1d4c9d0866e38735d0a,
        type: 3}
      propertyPath: m_LocalRotation.x
      value: 0
      objectReference: {fileID: 0}
    - target: {fileID: 2346860028059746846, guid: 952969a9e2eea1d4c9d0866e38735d0a,
        type: 3}
      propertyPath: m_LocalRotation.y
      value: 0
      objectReference: {fileID: 0}
    - target: {fileID: 2346860028059746846, guid: 952969a9e2eea1d4c9d0866e38735d0a,
        type: 3}
      propertyPath: m_LocalRotation.z
      value: 0
      objectReference: {fileID: 0}
    - target: {fileID: 2346860028059746846, guid: 952969a9e2eea1d4c9d0866e38735d0a,
        type: 3}
      propertyPath: m_LocalRotation.w
      value: 1
      objectReference: {fileID: 0}
    - target: {fileID: 2346860028059746846, guid: 952969a9e2eea1d4c9d0866e38735d0a,
        type: 3}
      propertyPath: m_RootOrder
      value: 2
      objectReference: {fileID: 0}
    - target: {fileID: 2346860028059746846, guid: 952969a9e2eea1d4c9d0866e38735d0a,
        type: 3}
      propertyPath: m_LocalEulerAnglesHint.x
      value: 0
      objectReference: {fileID: 0}
    - target: {fileID: 2346860028059746846, guid: 952969a9e2eea1d4c9d0866e38735d0a,
        type: 3}
      propertyPath: m_LocalEulerAnglesHint.y
      value: 0
      objectReference: {fileID: 0}
    - target: {fileID: 2346860028059746846, guid: 952969a9e2eea1d4c9d0866e38735d0a,
        type: 3}
      propertyPath: m_LocalEulerAnglesHint.z
      value: 0
      objectReference: {fileID: 0}
    - target: {fileID: 2346860028059746846, guid: 952969a9e2eea1d4c9d0866e38735d0a,
        type: 3}
      propertyPath: m_AnchoredPosition.x
      value: 0
      objectReference: {fileID: 0}
    - target: {fileID: 2346860028059746846, guid: 952969a9e2eea1d4c9d0866e38735d0a,
        type: 3}
      propertyPath: m_AnchoredPosition.y
      value: -250
      objectReference: {fileID: 0}
    - target: {fileID: 2346860028059746846, guid: 952969a9e2eea1d4c9d0866e38735d0a,
        type: 3}
      propertyPath: m_SizeDelta.x
      value: 100
      objectReference: {fileID: 0}
    - target: {fileID: 2346860028059746846, guid: 952969a9e2eea1d4c9d0866e38735d0a,
        type: 3}
      propertyPath: m_SizeDelta.y
      value: 100
      objectReference: {fileID: 0}
    - target: {fileID: 2346860028059746846, guid: 952969a9e2eea1d4c9d0866e38735d0a,
        type: 3}
      propertyPath: m_AnchorMin.x
      value: 0.5
      objectReference: {fileID: 0}
    - target: {fileID: 2346860028059746846, guid: 952969a9e2eea1d4c9d0866e38735d0a,
        type: 3}
      propertyPath: m_AnchorMin.y
      value: 1
      objectReference: {fileID: 0}
    - target: {fileID: 2346860028059746846, guid: 952969a9e2eea1d4c9d0866e38735d0a,
        type: 3}
      propertyPath: m_AnchorMax.x
      value: 0.5
      objectReference: {fileID: 0}
    - target: {fileID: 2346860028059746846, guid: 952969a9e2eea1d4c9d0866e38735d0a,
        type: 3}
      propertyPath: m_AnchorMax.y
      value: 1
      objectReference: {fileID: 0}
    - target: {fileID: 2346860028059746846, guid: 952969a9e2eea1d4c9d0866e38735d0a,
        type: 3}
      propertyPath: m_Pivot.x
      value: 0.5
      objectReference: {fileID: 0}
    - target: {fileID: 2346860028059746846, guid: 952969a9e2eea1d4c9d0866e38735d0a,
        type: 3}
      propertyPath: m_Pivot.y
      value: 0.5
      objectReference: {fileID: 0}
    - target: {fileID: 2346860028059746847, guid: 952969a9e2eea1d4c9d0866e38735d0a,
        type: 3}
      propertyPath: m_Name
      value: LevelBar
      objectReference: {fileID: 0}
    m_RemovedComponents: []
  m_SourcePrefab: {fileID: 100100000, guid: 952969a9e2eea1d4c9d0866e38735d0a, type: 3}
--- !u!224 &7512310926701186387 stripped
RectTransform:
  m_CorrespondingSourceObject: {fileID: 2346860028059746846, guid: 952969a9e2eea1d4c9d0866e38735d0a,
    type: 3}
  m_PrefabInstance: {fileID: 5246885149385150285}
  m_PrefabAsset: {fileID: 0}
--- !u!114 &839607372178093659 stripped
MonoBehaviour:
  m_CorrespondingSourceObject: {fileID: 4861156730167802134, guid: 952969a9e2eea1d4c9d0866e38735d0a,
    type: 3}
  m_PrefabInstance: {fileID: 5246885149385150285}
  m_PrefabAsset: {fileID: 0}
  m_GameObject: {fileID: 0}
  m_Enabled: 1
  m_EditorHideFlags: 0
  m_Script: {fileID: 11500000, guid: bce9f33c130bcc34394f3ba508018c3f, type: 3}
  m_Name: 
  m_EditorClassIdentifier: 
--- !u!1001 &5992468986235963773
PrefabInstance:
  m_ObjectHideFlags: 0
  serializedVersion: 2
  m_Modification:
    m_TransformParent: {fileID: 1709546330476274692}
    m_Modifications:
    - target: {fileID: 5058258026712158767, guid: f115ccc90feb0f34d9a4f9589f0e35a2,
        type: 3}
      propertyPath: m_IsActive
      value: 0
      objectReference: {fileID: 0}
    - target: {fileID: 8686384712856702690, guid: f115ccc90feb0f34d9a4f9589f0e35a2,
        type: 3}
      propertyPath: m_AnchorMin.y
      value: 1
      objectReference: {fileID: 0}
    - target: {fileID: 8686384712856702690, guid: f115ccc90feb0f34d9a4f9589f0e35a2,
        type: 3}
      propertyPath: m_AnchorMax.y
      value: 1
      objectReference: {fileID: 0}
    - target: {fileID: 8686384712856702690, guid: f115ccc90feb0f34d9a4f9589f0e35a2,
        type: 3}
      propertyPath: m_AnchoredPosition.x
      value: 83
      objectReference: {fileID: 0}
    - target: {fileID: 8686384712856702690, guid: f115ccc90feb0f34d9a4f9589f0e35a2,
        type: 3}
      propertyPath: m_AnchoredPosition.y
      value: -47
      objectReference: {fileID: 0}
    - target: {fileID: 8686384712856702690, guid: f115ccc90feb0f34d9a4f9589f0e35a2,
        type: 3}
      propertyPath: m_SizeDelta.x
      value: 46
      objectReference: {fileID: 0}
    - target: {fileID: 8686384712856702690, guid: f115ccc90feb0f34d9a4f9589f0e35a2,
        type: 3}
      propertyPath: m_SizeDelta.y
      value: 94
      objectReference: {fileID: 0}
    - target: {fileID: 8686384712981758952, guid: f115ccc90feb0f34d9a4f9589f0e35a2,
        type: 3}
      propertyPath: m_LocalPosition.x
      value: 0
      objectReference: {fileID: 0}
    - target: {fileID: 8686384712981758952, guid: f115ccc90feb0f34d9a4f9589f0e35a2,
        type: 3}
      propertyPath: m_LocalPosition.y
      value: 0
      objectReference: {fileID: 0}
    - target: {fileID: 8686384712981758952, guid: f115ccc90feb0f34d9a4f9589f0e35a2,
        type: 3}
      propertyPath: m_LocalPosition.z
      value: 0
      objectReference: {fileID: 0}
    - target: {fileID: 8686384712981758952, guid: f115ccc90feb0f34d9a4f9589f0e35a2,
        type: 3}
      propertyPath: m_LocalRotation.x
      value: -0
      objectReference: {fileID: 0}
    - target: {fileID: 8686384712981758952, guid: f115ccc90feb0f34d9a4f9589f0e35a2,
        type: 3}
      propertyPath: m_LocalRotation.y
      value: -0
      objectReference: {fileID: 0}
    - target: {fileID: 8686384712981758952, guid: f115ccc90feb0f34d9a4f9589f0e35a2,
        type: 3}
      propertyPath: m_LocalRotation.z
      value: -0
      objectReference: {fileID: 0}
    - target: {fileID: 8686384712981758952, guid: f115ccc90feb0f34d9a4f9589f0e35a2,
        type: 3}
      propertyPath: m_LocalRotation.w
      value: 1
      objectReference: {fileID: 0}
    - target: {fileID: 8686384712981758952, guid: f115ccc90feb0f34d9a4f9589f0e35a2,
        type: 3}
      propertyPath: m_RootOrder
      value: 2
      objectReference: {fileID: 0}
    - target: {fileID: 8686384712981758952, guid: f115ccc90feb0f34d9a4f9589f0e35a2,
        type: 3}
      propertyPath: m_LocalEulerAnglesHint.x
      value: 0
      objectReference: {fileID: 0}
    - target: {fileID: 8686384712981758952, guid: f115ccc90feb0f34d9a4f9589f0e35a2,
        type: 3}
      propertyPath: m_LocalEulerAnglesHint.y
      value: 0
      objectReference: {fileID: 0}
    - target: {fileID: 8686384712981758952, guid: f115ccc90feb0f34d9a4f9589f0e35a2,
        type: 3}
      propertyPath: m_LocalEulerAnglesHint.z
      value: 0
      objectReference: {fileID: 0}
    - target: {fileID: 8686384712981758952, guid: f115ccc90feb0f34d9a4f9589f0e35a2,
        type: 3}
      propertyPath: m_AnchoredPosition.x
      value: 0
      objectReference: {fileID: 0}
    - target: {fileID: 8686384712981758952, guid: f115ccc90feb0f34d9a4f9589f0e35a2,
        type: 3}
      propertyPath: m_AnchoredPosition.y
      value: 0
      objectReference: {fileID: 0}
    - target: {fileID: 8686384712981758952, guid: f115ccc90feb0f34d9a4f9589f0e35a2,
        type: 3}
      propertyPath: m_SizeDelta.x
      value: 0
      objectReference: {fileID: 0}
    - target: {fileID: 8686384712981758952, guid: f115ccc90feb0f34d9a4f9589f0e35a2,
        type: 3}
      propertyPath: m_SizeDelta.y
      value: 0
      objectReference: {fileID: 0}
    - target: {fileID: 8686384712981758952, guid: f115ccc90feb0f34d9a4f9589f0e35a2,
        type: 3}
      propertyPath: m_AnchorMin.x
      value: 0
      objectReference: {fileID: 0}
    - target: {fileID: 8686384712981758952, guid: f115ccc90feb0f34d9a4f9589f0e35a2,
        type: 3}
      propertyPath: m_AnchorMin.y
      value: 0
      objectReference: {fileID: 0}
    - target: {fileID: 8686384712981758952, guid: f115ccc90feb0f34d9a4f9589f0e35a2,
        type: 3}
      propertyPath: m_AnchorMax.x
      value: 1
      objectReference: {fileID: 0}
    - target: {fileID: 8686384712981758952, guid: f115ccc90feb0f34d9a4f9589f0e35a2,
        type: 3}
      propertyPath: m_AnchorMax.y
      value: 1
      objectReference: {fileID: 0}
    - target: {fileID: 8686384712981758952, guid: f115ccc90feb0f34d9a4f9589f0e35a2,
        type: 3}
      propertyPath: m_Pivot.x
      value: 0.5
      objectReference: {fileID: 0}
    - target: {fileID: 8686384712981758952, guid: f115ccc90feb0f34d9a4f9589f0e35a2,
        type: 3}
      propertyPath: m_Pivot.y
      value: 0.5
      objectReference: {fileID: 0}
    - target: {fileID: 8686384712981758955, guid: f115ccc90feb0f34d9a4f9589f0e35a2,
        type: 3}
      propertyPath: m_Name
      value: GameOver
      objectReference: {fileID: 0}
    - target: {fileID: 8686384712981758955, guid: f115ccc90feb0f34d9a4f9589f0e35a2,
        type: 3}
      propertyPath: m_IsActive
      value: 0
      objectReference: {fileID: 0}
    - target: {fileID: 8686384713142280457, guid: f115ccc90feb0f34d9a4f9589f0e35a2,
        type: 3}
      propertyPath: m_AnchorMin.y
      value: 1
      objectReference: {fileID: 0}
    - target: {fileID: 8686384713142280457, guid: f115ccc90feb0f34d9a4f9589f0e35a2,
        type: 3}
      propertyPath: m_AnchorMax.y
      value: 1
      objectReference: {fileID: 0}
    - target: {fileID: 8686384713142280457, guid: f115ccc90feb0f34d9a4f9589f0e35a2,
        type: 3}
      propertyPath: m_AnchoredPosition.y
      value: -47
      objectReference: {fileID: 0}
    - target: {fileID: 8686384713142280457, guid: f115ccc90feb0f34d9a4f9589f0e35a2,
        type: 3}
      propertyPath: m_SizeDelta.y
      value: 94
      objectReference: {fileID: 0}
    - target: {fileID: 8686384713222084906, guid: f115ccc90feb0f34d9a4f9589f0e35a2,
        type: 3}
      propertyPath: m_SizeDelta.x
      value: 106
      objectReference: {fileID: 0}
    - target: {fileID: 8686384713222084906, guid: f115ccc90feb0f34d9a4f9589f0e35a2,
        type: 3}
      propertyPath: m_SizeDelta.y
      value: 94
      objectReference: {fileID: 0}
    - target: {fileID: 8686384713222084909, guid: f115ccc90feb0f34d9a4f9589f0e35a2,
        type: 3}
      propertyPath: m_IsActive
      value: 0
      objectReference: {fileID: 0}
    m_RemovedComponents: []
  m_SourcePrefab: {fileID: 100100000, guid: f115ccc90feb0f34d9a4f9589f0e35a2, type: 3}
--- !u!224 &3145124512459819669 stripped
RectTransform:
  m_CorrespondingSourceObject: {fileID: 8686384712981758952, guid: f115ccc90feb0f34d9a4f9589f0e35a2,
    type: 3}
  m_PrefabInstance: {fileID: 5992468986235963773}
  m_PrefabAsset: {fileID: 0}
--- !u!114 &6162091335514770389 stripped
MonoBehaviour:
  m_CorrespondingSourceObject: {fileID: 481220646059967144, guid: f115ccc90feb0f34d9a4f9589f0e35a2,
    type: 3}
  m_PrefabInstance: {fileID: 5992468986235963773}
  m_PrefabAsset: {fileID: 0}
  m_GameObject: {fileID: 0}
  m_Enabled: 1
  m_EditorHideFlags: 0
  m_Script: {fileID: 11500000, guid: 9de7d0f1eacf3dc4691128176c2a4789, type: 3}
  m_Name: 
  m_EditorClassIdentifier: 
--- !u!1001 &7103977834212385003
PrefabInstance:
  m_ObjectHideFlags: 0
  serializedVersion: 2
  m_Modification:
    m_TransformParent: {fileID: 1709546329935456874}
    m_Modifications:
    - target: {fileID: 5045412681286948993, guid: a514fd0ffbf873041a4044f04a40f2d9,
        type: 3}
      propertyPath: m_Name
      value: Coin
      objectReference: {fileID: 0}
    - target: {fileID: 5045412681286948993, guid: a514fd0ffbf873041a4044f04a40f2d9,
        type: 3}
      propertyPath: m_IsActive
      value: 0
      objectReference: {fileID: 0}
    - target: {fileID: 5045412681286948994, guid: a514fd0ffbf873041a4044f04a40f2d9,
        type: 3}
      propertyPath: m_LocalPosition.x
      value: 0
      objectReference: {fileID: 0}
    - target: {fileID: 5045412681286948994, guid: a514fd0ffbf873041a4044f04a40f2d9,
        type: 3}
      propertyPath: m_LocalPosition.y
      value: 0
      objectReference: {fileID: 0}
    - target: {fileID: 5045412681286948994, guid: a514fd0ffbf873041a4044f04a40f2d9,
        type: 3}
      propertyPath: m_LocalPosition.z
      value: 0
      objectReference: {fileID: 0}
    - target: {fileID: 5045412681286948994, guid: a514fd0ffbf873041a4044f04a40f2d9,
        type: 3}
      propertyPath: m_LocalRotation.x
      value: 0
      objectReference: {fileID: 0}
    - target: {fileID: 5045412681286948994, guid: a514fd0ffbf873041a4044f04a40f2d9,
        type: 3}
      propertyPath: m_LocalRotation.y
      value: 0
      objectReference: {fileID: 0}
    - target: {fileID: 5045412681286948994, guid: a514fd0ffbf873041a4044f04a40f2d9,
        type: 3}
      propertyPath: m_LocalRotation.z
      value: 0
      objectReference: {fileID: 0}
    - target: {fileID: 5045412681286948994, guid: a514fd0ffbf873041a4044f04a40f2d9,
        type: 3}
      propertyPath: m_LocalRotation.w
      value: 1
      objectReference: {fileID: 0}
    - target: {fileID: 5045412681286948994, guid: a514fd0ffbf873041a4044f04a40f2d9,
        type: 3}
      propertyPath: m_RootOrder
      value: 1
      objectReference: {fileID: 0}
    - target: {fileID: 5045412681286948994, guid: a514fd0ffbf873041a4044f04a40f2d9,
        type: 3}
      propertyPath: m_LocalEulerAnglesHint.x
      value: 0
      objectReference: {fileID: 0}
    - target: {fileID: 5045412681286948994, guid: a514fd0ffbf873041a4044f04a40f2d9,
        type: 3}
      propertyPath: m_LocalEulerAnglesHint.y
      value: 0
      objectReference: {fileID: 0}
    - target: {fileID: 5045412681286948994, guid: a514fd0ffbf873041a4044f04a40f2d9,
        type: 3}
      propertyPath: m_LocalEulerAnglesHint.z
      value: 0
      objectReference: {fileID: 0}
    - target: {fileID: 5045412681286948994, guid: a514fd0ffbf873041a4044f04a40f2d9,
        type: 3}
      propertyPath: m_AnchoredPosition.x
      value: -100
      objectReference: {fileID: 0}
    - target: {fileID: 5045412681286948994, guid: a514fd0ffbf873041a4044f04a40f2d9,
        type: 3}
      propertyPath: m_AnchoredPosition.y
      value: -100
      objectReference: {fileID: 0}
    - target: {fileID: 5045412681286948994, guid: a514fd0ffbf873041a4044f04a40f2d9,
        type: 3}
      propertyPath: m_SizeDelta.x
      value: 100
      objectReference: {fileID: 0}
    - target: {fileID: 5045412681286948994, guid: a514fd0ffbf873041a4044f04a40f2d9,
        type: 3}
      propertyPath: m_SizeDelta.y
      value: 100
      objectReference: {fileID: 0}
    - target: {fileID: 5045412681286948994, guid: a514fd0ffbf873041a4044f04a40f2d9,
        type: 3}
      propertyPath: m_AnchorMin.x
      value: 1
      objectReference: {fileID: 0}
    - target: {fileID: 5045412681286948994, guid: a514fd0ffbf873041a4044f04a40f2d9,
        type: 3}
      propertyPath: m_AnchorMin.y
      value: 1
      objectReference: {fileID: 0}
    - target: {fileID: 5045412681286948994, guid: a514fd0ffbf873041a4044f04a40f2d9,
        type: 3}
      propertyPath: m_AnchorMax.x
      value: 1
      objectReference: {fileID: 0}
    - target: {fileID: 5045412681286948994, guid: a514fd0ffbf873041a4044f04a40f2d9,
        type: 3}
      propertyPath: m_AnchorMax.y
      value: 1
      objectReference: {fileID: 0}
    - target: {fileID: 5045412681286948994, guid: a514fd0ffbf873041a4044f04a40f2d9,
        type: 3}
      propertyPath: m_Pivot.x
      value: 0.5
      objectReference: {fileID: 0}
    - target: {fileID: 5045412681286948994, guid: a514fd0ffbf873041a4044f04a40f2d9,
        type: 3}
      propertyPath: m_Pivot.y
      value: 0.5
      objectReference: {fileID: 0}
    m_RemovedComponents: []
  m_SourcePrefab: {fileID: 100100000, guid: a514fd0ffbf873041a4044f04a40f2d9, type: 3}
--- !u!114 &2635325041682053223 stripped
MonoBehaviour:
  m_CorrespondingSourceObject: {fileID: 5045412681286949004, guid: a514fd0ffbf873041a4044f04a40f2d9,
    type: 3}
  m_PrefabInstance: {fileID: 7103977834212385003}
  m_PrefabAsset: {fileID: 0}
  m_GameObject: {fileID: 0}
  m_Enabled: 1
  m_EditorHideFlags: 0
  m_Script: {fileID: 11500000, guid: 2286326b07ab04ae38003d85e9d81499, type: 3}
  m_Name: 
  m_EditorClassIdentifier: 
--- !u!224 &2635325041682053225 stripped
RectTransform:
  m_CorrespondingSourceObject: {fileID: 5045412681286948994, guid: a514fd0ffbf873041a4044f04a40f2d9,
    type: 3}
  m_PrefabInstance: {fileID: 7103977834212385003}
  m_PrefabAsset: {fileID: 0}
--- !u!1001 &7575244542630104388
PrefabInstance:
  m_ObjectHideFlags: 0
  serializedVersion: 2
  m_Modification:
    m_TransformParent: {fileID: 1709546329935456874}
    m_Modifications:
    - target: {fileID: 1629953121516562356, guid: 146e1c63ee6c3274ba83175d04218437,
        type: 3}
      propertyPath: m_Name
      value: Score
      objectReference: {fileID: 0}
    - target: {fileID: 1629953121516562356, guid: 146e1c63ee6c3274ba83175d04218437,
        type: 3}
      propertyPath: m_IsActive
      value: 0
      objectReference: {fileID: 0}
    - target: {fileID: 1629953121516562359, guid: 146e1c63ee6c3274ba83175d04218437,
        type: 3}
      propertyPath: m_LocalPosition.x
      value: 0
      objectReference: {fileID: 0}
    - target: {fileID: 1629953121516562359, guid: 146e1c63ee6c3274ba83175d04218437,
        type: 3}
      propertyPath: m_LocalPosition.y
      value: 0
      objectReference: {fileID: 0}
    - target: {fileID: 1629953121516562359, guid: 146e1c63ee6c3274ba83175d04218437,
        type: 3}
      propertyPath: m_LocalPosition.z
      value: 0
      objectReference: {fileID: 0}
    - target: {fileID: 1629953121516562359, guid: 146e1c63ee6c3274ba83175d04218437,
        type: 3}
      propertyPath: m_LocalRotation.x
      value: 0
      objectReference: {fileID: 0}
    - target: {fileID: 1629953121516562359, guid: 146e1c63ee6c3274ba83175d04218437,
        type: 3}
      propertyPath: m_LocalRotation.y
      value: 0
      objectReference: {fileID: 0}
    - target: {fileID: 1629953121516562359, guid: 146e1c63ee6c3274ba83175d04218437,
        type: 3}
      propertyPath: m_LocalRotation.z
      value: 0
      objectReference: {fileID: 0}
    - target: {fileID: 1629953121516562359, guid: 146e1c63ee6c3274ba83175d04218437,
        type: 3}
      propertyPath: m_LocalRotation.w
      value: 1
      objectReference: {fileID: 0}
    - target: {fileID: 1629953121516562359, guid: 146e1c63ee6c3274ba83175d04218437,
        type: 3}
      propertyPath: m_RootOrder
      value: 0
      objectReference: {fileID: 0}
    - target: {fileID: 1629953121516562359, guid: 146e1c63ee6c3274ba83175d04218437,
        type: 3}
      propertyPath: m_LocalEulerAnglesHint.x
      value: 0
      objectReference: {fileID: 0}
    - target: {fileID: 1629953121516562359, guid: 146e1c63ee6c3274ba83175d04218437,
        type: 3}
      propertyPath: m_LocalEulerAnglesHint.y
      value: 0
      objectReference: {fileID: 0}
    - target: {fileID: 1629953121516562359, guid: 146e1c63ee6c3274ba83175d04218437,
        type: 3}
      propertyPath: m_LocalEulerAnglesHint.z
      value: 0
      objectReference: {fileID: 0}
    - target: {fileID: 1629953121516562359, guid: 146e1c63ee6c3274ba83175d04218437,
        type: 3}
      propertyPath: m_AnchoredPosition.x
      value: 0
      objectReference: {fileID: 0}
    - target: {fileID: 1629953121516562359, guid: 146e1c63ee6c3274ba83175d04218437,
        type: 3}
      propertyPath: m_AnchoredPosition.y
      value: -350
      objectReference: {fileID: 0}
    - target: {fileID: 1629953121516562359, guid: 146e1c63ee6c3274ba83175d04218437,
        type: 3}
      propertyPath: m_SizeDelta.x
      value: 100
      objectReference: {fileID: 0}
    - target: {fileID: 1629953121516562359, guid: 146e1c63ee6c3274ba83175d04218437,
        type: 3}
      propertyPath: m_SizeDelta.y
      value: 100
      objectReference: {fileID: 0}
    - target: {fileID: 1629953121516562359, guid: 146e1c63ee6c3274ba83175d04218437,
        type: 3}
      propertyPath: m_AnchorMin.x
      value: 0.5
      objectReference: {fileID: 0}
    - target: {fileID: 1629953121516562359, guid: 146e1c63ee6c3274ba83175d04218437,
        type: 3}
      propertyPath: m_AnchorMin.y
      value: 1
      objectReference: {fileID: 0}
    - target: {fileID: 1629953121516562359, guid: 146e1c63ee6c3274ba83175d04218437,
        type: 3}
      propertyPath: m_AnchorMax.x
      value: 0.5
      objectReference: {fileID: 0}
    - target: {fileID: 1629953121516562359, guid: 146e1c63ee6c3274ba83175d04218437,
        type: 3}
      propertyPath: m_AnchorMax.y
      value: 1
      objectReference: {fileID: 0}
    - target: {fileID: 1629953121516562359, guid: 146e1c63ee6c3274ba83175d04218437,
        type: 3}
      propertyPath: m_Pivot.x
      value: 0.5
      objectReference: {fileID: 0}
    - target: {fileID: 1629953121516562359, guid: 146e1c63ee6c3274ba83175d04218437,
        type: 3}
      propertyPath: m_Pivot.y
      value: 0.5
      objectReference: {fileID: 0}
    m_RemovedComponents: []
  m_SourcePrefab: {fileID: 100100000, guid: 146e1c63ee6c3274ba83175d04218437, type: 3}
--- !u!224 &9204915071403666163 stripped
RectTransform:
  m_CorrespondingSourceObject: {fileID: 1629953121516562359, guid: 146e1c63ee6c3274ba83175d04218437,
    type: 3}
  m_PrefabInstance: {fileID: 7575244542630104388}
  m_PrefabAsset: {fileID: 0}
--- !u!114 &7817130452398000336 stripped
MonoBehaviour:
  m_CorrespondingSourceObject: {fileID: 386371119482750356, guid: 146e1c63ee6c3274ba83175d04218437,
    type: 3}
  m_PrefabInstance: {fileID: 7575244542630104388}
  m_PrefabAsset: {fileID: 0}
  m_GameObject: {fileID: 0}
  m_Enabled: 1
  m_EditorHideFlags: 0
  m_Script: {fileID: 11500000, guid: 2286326b07ab04ae38003d85e9d81499, type: 3}
  m_Name: 
  m_EditorClassIdentifier: 
--- !u!1001 &7588339532355251546
PrefabInstance:
  m_ObjectHideFlags: 0
  serializedVersion: 2
  m_Modification:
    m_TransformParent: {fileID: 1709546330476274692}
    m_Modifications:
    - target: {fileID: 5809534660771404686, guid: c6d677bc63ff2b74b8c0d0f881aa7708,
        type: 3}
      propertyPath: m_Name
      value: NewBest
      objectReference: {fileID: 0}
    - target: {fileID: 5809534660771404686, guid: c6d677bc63ff2b74b8c0d0f881aa7708,
        type: 3}
      propertyPath: m_IsActive
      value: 0
      objectReference: {fileID: 0}
    - target: {fileID: 5809534660771404687, guid: c6d677bc63ff2b74b8c0d0f881aa7708,
        type: 3}
      propertyPath: m_LocalPosition.x
      value: 0
      objectReference: {fileID: 0}
    - target: {fileID: 5809534660771404687, guid: c6d677bc63ff2b74b8c0d0f881aa7708,
        type: 3}
      propertyPath: m_LocalPosition.y
      value: 0
      objectReference: {fileID: 0}
    - target: {fileID: 5809534660771404687, guid: c6d677bc63ff2b74b8c0d0f881aa7708,
        type: 3}
      propertyPath: m_LocalPosition.z
      value: 0
      objectReference: {fileID: 0}
    - target: {fileID: 5809534660771404687, guid: c6d677bc63ff2b74b8c0d0f881aa7708,
        type: 3}
      propertyPath: m_LocalRotation.x
      value: -0
      objectReference: {fileID: 0}
    - target: {fileID: 5809534660771404687, guid: c6d677bc63ff2b74b8c0d0f881aa7708,
        type: 3}
      propertyPath: m_LocalRotation.y
      value: -0
      objectReference: {fileID: 0}
    - target: {fileID: 5809534660771404687, guid: c6d677bc63ff2b74b8c0d0f881aa7708,
        type: 3}
      propertyPath: m_LocalRotation.z
      value: -0
      objectReference: {fileID: 0}
    - target: {fileID: 5809534660771404687, guid: c6d677bc63ff2b74b8c0d0f881aa7708,
        type: 3}
      propertyPath: m_LocalRotation.w
      value: 1
      objectReference: {fileID: 0}
    - target: {fileID: 5809534660771404687, guid: c6d677bc63ff2b74b8c0d0f881aa7708,
        type: 3}
      propertyPath: m_RootOrder
      value: 3
      objectReference: {fileID: 0}
    - target: {fileID: 5809534660771404687, guid: c6d677bc63ff2b74b8c0d0f881aa7708,
        type: 3}
      propertyPath: m_LocalEulerAnglesHint.x
      value: 0
      objectReference: {fileID: 0}
    - target: {fileID: 5809534660771404687, guid: c6d677bc63ff2b74b8c0d0f881aa7708,
        type: 3}
      propertyPath: m_LocalEulerAnglesHint.y
      value: 0
      objectReference: {fileID: 0}
    - target: {fileID: 5809534660771404687, guid: c6d677bc63ff2b74b8c0d0f881aa7708,
        type: 3}
      propertyPath: m_LocalEulerAnglesHint.z
      value: 0
      objectReference: {fileID: 0}
    - target: {fileID: 5809534660771404687, guid: c6d677bc63ff2b74b8c0d0f881aa7708,
        type: 3}
      propertyPath: m_AnchoredPosition.x
      value: 0
      objectReference: {fileID: 0}
    - target: {fileID: 5809534660771404687, guid: c6d677bc63ff2b74b8c0d0f881aa7708,
        type: 3}
      propertyPath: m_AnchoredPosition.y
      value: 0
      objectReference: {fileID: 0}
    - target: {fileID: 5809534660771404687, guid: c6d677bc63ff2b74b8c0d0f881aa7708,
        type: 3}
      propertyPath: m_SizeDelta.x
      value: 0
      objectReference: {fileID: 0}
    - target: {fileID: 5809534660771404687, guid: c6d677bc63ff2b74b8c0d0f881aa7708,
        type: 3}
      propertyPath: m_SizeDelta.y
      value: 0
      objectReference: {fileID: 0}
    - target: {fileID: 5809534660771404687, guid: c6d677bc63ff2b74b8c0d0f881aa7708,
        type: 3}
      propertyPath: m_AnchorMin.x
      value: 0
      objectReference: {fileID: 0}
    - target: {fileID: 5809534660771404687, guid: c6d677bc63ff2b74b8c0d0f881aa7708,
        type: 3}
      propertyPath: m_AnchorMin.y
      value: 0
      objectReference: {fileID: 0}
    - target: {fileID: 5809534660771404687, guid: c6d677bc63ff2b74b8c0d0f881aa7708,
        type: 3}
      propertyPath: m_AnchorMax.x
      value: 1
      objectReference: {fileID: 0}
    - target: {fileID: 5809534660771404687, guid: c6d677bc63ff2b74b8c0d0f881aa7708,
        type: 3}
      propertyPath: m_AnchorMax.y
      value: 1
      objectReference: {fileID: 0}
    - target: {fileID: 5809534660771404687, guid: c6d677bc63ff2b74b8c0d0f881aa7708,
        type: 3}
      propertyPath: m_Pivot.x
      value: 0.5
      objectReference: {fileID: 0}
    - target: {fileID: 5809534660771404687, guid: c6d677bc63ff2b74b8c0d0f881aa7708,
        type: 3}
      propertyPath: m_Pivot.y
      value: 0.5
      objectReference: {fileID: 0}
    m_RemovedComponents: []
  m_SourcePrefab: {fileID: 100100000, guid: c6d677bc63ff2b74b8c0d0f881aa7708, type: 3}
--- !u!224 &4166021416758539989 stripped
RectTransform:
  m_CorrespondingSourceObject: {fileID: 5809534660771404687, guid: c6d677bc63ff2b74b8c0d0f881aa7708,
    type: 3}
  m_PrefabInstance: {fileID: 7588339532355251546}
  m_PrefabAsset: {fileID: 0}
--- !u!114 &4166021416758539992 stripped
MonoBehaviour:
  m_CorrespondingSourceObject: {fileID: 5809534660771404674, guid: c6d677bc63ff2b74b8c0d0f881aa7708,
    type: 3}
  m_PrefabInstance: {fileID: 7588339532355251546}
  m_PrefabAsset: {fileID: 0}
  m_GameObject: {fileID: 0}
  m_Enabled: 1
  m_EditorHideFlags: 0
  m_Script: {fileID: 11500000, guid: 4e0861413e72aa14982898bb6f0e0b0b, type: 3}
  m_Name: 
  m_EditorClassIdentifier: 
